Zazza, neutral female human Tourist ------------- ------ ------- |...........| #############-....-#########-.....| |...........-####`### # |<...|# |.....| |...........| ###############`############ |....|#########......| |...........| # ### #---------------# #.....|# |.....| |...........|### # #|.............-####|.._.|#########-...>.| |............# ### #..............|## -|----# ----+-- ----.---.---- ###|.............-########### ## ##### ###|.............|# # # # # ### #fr #|.............|# ### # # ### # # @##-----------+---# # # # # # ### ### # # ################# # ### # # ### ### -----.-+------ # # ## # # # |............| -|---.---.---### ### |............| |...........|# # |............| |...........|# ###|............| |......>.....# #-............| ------------- -------------- Zazza the Rambler Experience level: 2 Strength: 13 Dexterity: 12 Constitution: 15 Intelligence: 13 Wisdom: 9 Charisma: 13 Health: 0(19) Energy: 4(4) Def: 0 Gold: 867 Moves: 742 Dungeon seed: Y9bRAAHsBXEb4s_M Game ID: Zazza_1576020517 Your Inventory: Coins $ - 867 gold pieces Weapons a - 31 +2 darts (in quiver) o - 3 +0 orcish daggers (wielded) Armor e - an uncursed +0 Hawaiian shirt (being worn) q - an uncursed +0 orcish helm Comestibles b - an uncursed fortune cookie c - 8 uncursed food rations d - an uncursed slime mold g - 2 uncursed tripe rations Scrolls i - 2 uncursed scrolls of magic mapping n - an uncursed scroll of enchant armor Potions h - an uncursed potion of extra healing m - an uncursed potion of fruit juice r - a cursed potion of extra healing t - a blessed potion of gain level Rings u - a cursed ring of hunger Tools j - an expensive camera (0:79) k - an uncursed credit card l - a magic marker (0:81) Spells and supernatural/magical abilities: Name Level Category Fail Memory W - pray for help -- divine ? -- Your skills at the end: Fighting Skills Weapon Skills dart [Basic] Spellcasting Skills Final Attributes: You were aligned. You were lucky. You are dead. Vanquished creatures: a large kobold a giant rat 2 jackals 2 foxes 3 goblins 2 sewer rats 4 lichens 3 newts 18 creatures vanquished. Voluntary challenges: You used a wielded weapon 18 times, starting on turn 284. You read items or engraved 3 times, starting on turn 171. You never genocided any monsters. You never polymorphed an object. You never changed form. You used no wishes. You never split a pudding. You never wrote Elbereth's name. You never violated your personal moral code. Dungeon overview: The Dungeons of Doom: levels 1 to 2 Level 1 a long staircase Level 2 <- You were here an altar to Blind Io a long staircase History has recorded: On T:1 you entered the Dungeons of Doom to retrieve the Amulet of Yendor! On T:302 you reached level 2 of The Dungeons of Doom. On T:604 you advanced to experience level 2. Score breakdown: Gold: 83 ( 6545 points) Experience: 2 levels ( 5570 points) Exploration: 2 levels ( 4.00%) ( 4285 points) Discoveries: 0 items ( 0.00%) ( 0 points) Valuables value: (no points given unless you survive) Artifact value: 0 ( 0 points) Variety of kills: 8 monsters ( 2.10%) ( 4347 points) Turncount: 742 turns ( 0 points) Survival: died (score multiplied by 80%) Total score: 16597 Latest messages: The jackal bites! Armand bites the jackal. The jackal is killed! You try to move the boulder, but in vain. The door opens. You hear some noises in the distance. You displace Armand. You stop. Armand is in the way! You displace Armand. The giant rat bites! (2x) Armand bites the giant rat. The giant rat misses Armand. You miss the giant rat. The giant rat bites! (2x) Armand misses the giant rat. You write in the dust with your fingers. The giant rat bites! (2x) Armand bites the giant rat. The giant rat is killed! Armand misses the giant rat. You hear some noises. The giant rat bites! You die... Final status: Aloha Zazza the Tourist, killed by a giant rat... You died in The Dungeons of Doom on dungeon level 2 with 16597 points, and 867 pieces of gold, after 742 moves. You were level 2 with a maximum of 19 hit points when you died.